 Dungeon Crawl Stone Soup version 0.18-a0-717-g59c076b (webtiles) character file.

56 P0WERM0DE the Chopper (level 4, 0/35 HPs)
             Began as a Formicid Chaos Knight on Dec 8, 2015.
             Splashed by Robin the jelly (shapeshifter)'s acid (6 damage)
             ... on level 2 of the Dungeon.
             The game lasted 00:01:22 (1067 turns).

P0WERM0DE the Chopper (Formicid Chaos Knight)       Turns: 1067, Time: 00:01:23

Health: 0/35       AC:  5    Str: 17    XL:     4   Next: 17%
Magic:  4/4        EV: 11    Int: 11    God:    Xom [...*..]
Gold:   55         SH:  0    Dex: 11    Spells: 0 memorised, 3 levels left

rFire  . . .     SeeInvis +     a - +0 hand axe (chaos)
rCold  . . .     Clarity  .     b - +2 leather armour
rNeg   . . .     SustAt   .     (no shield)
rPois  .         Gourm    .     (helmet unavailable)
rElec  .         Spirit   .     (no cloak)
rCorr  .         Dismiss  .     (no gloves)
rMut   .         Stasis   +     (no boots)
MR     .....                    (no amulet)
Stlth  +.........               (no ring)
                                (no ring)

@: not resistant to hostile enchantments, very unstealthy
A: permanent stasis, dig shafts and tunnels, four strong arms, antennae 3
a: Dig, Shaft Self, Renounce Religion


You were on level 2 of the Dungeon.
You worshipped Xom.
You were a favourite toy of Xom.
You were hungry.

You visited 1 branch of the dungeon, and saw 2 of its levels.

You collected 55 gold pieces.

Inventory:

Hand Weapons
 a - a +0 hand axe of chaos (weapon)
Missiles
 e - 24 poisoned arrows
 g - 15 bolts
 r - 17 stones (quivered)
Armour
 b - a +2 leather armour (worn)
 i - a +0 buckler
Wands
 q - a wand of polymorph (15)
Scrolls
 f - a scroll of identify {unknown}
 j - 3 scrolls of immolation {unknown}
 m - a scroll of noise {unknown}
Potions
 k - a potion of ambrosia {unknown}
 l - a potion of mutation {unknown}
 n - a potion of poison {unknown}
 p - 3 potions of heal wounds {unknown}
Books
 o - a book of Hinderance

   Spells                             Type                      Level
   a - Confusing Touch                Hexes                        2
   b - Confuse                        Hexes                        3
   c - Gell's Gravitas                Hexes/Translocation          3
   d - Petrify                        Transmutation/Earth          4
   e - Metabolic Englaciation         Hexes/Ice                    5
   f - Yara's Violent Unravelling     Hexes/Transmutation          5
Comestibles
 c - 3 bread rations
 d - a beef jerky
 h - a slice of pizza
 s - a chunk of flesh


   Skills:
 - Level 3.2 Fighting
 - Level 3.8 Axes
 - Level 2.1 Armour
 - Level 0.8 Dodging
 * Level 2.9 Shields


You had 3 spell levels left.
You didn't know any spells.

Dungeon Overview and Level Annotations

Branches:
Dungeon (2/15)

Altars:
Ashenzari
Xom
Zin

Annotations:
D:2 Robin


Innate Abilities, Weirdness & Mutations

You are under a permanent stasis effect.
You can dig through walls and to a lower floor.
Your four strong arms can wield two-handed weapons with a shield.
You have a pair of large antennae on your head (SInv).


Message History

The bat evaporates and reforms as a jackal!
Robin hits you from afar with a spear.
The jackal bites you but does no damage.
Robin says, "Kneel, worm!"
Robin hits you from afar with a spear.
You hit the jackal.
You kill the jackal!
Xom's power touches on a nearby monster.
Robin changes into a jelly!
You are now a favourite toy of Xom.
Unknown command.
You hit Robin.
Your hands burn!
* * * LOW HITPOINT WARNING * * *
Robin is lightly wounded.
You hear a slurping noise.
Robin hits you.
* * * LOW HITPOINT WARNING * * *
You are splashed with acid!
The acid burns!
You die...
Xom bursts into laughter!

####.#### ##.......##
#.).......# #
#..#####..## ..
###..#...#...# ...
#..._#...#{..#. ....
#....#...#..... .....
#....#####..######......
#.........(..())@J......
#..........#.#####)....%
##.........#.# { .....
#.#####...#.# #### #.#
#####.. #.# .## #.# .
#.# . #.#


You could see Robin the jelly shaped shifter.

Vanquished Creatures
  2 adders (D:2)
  3 giant cockroaches (D:1)
  13 goblins
  8 hobgoblins
  4 bats
  3 giant newts (D:2)
  A jackal (D:2)
  2 kobolds (D:1)
  3 rats
39 creatures vanquished.

Notes
Turn   | Place    | Note
--------------------------------------------------------------
     0 | D:1      | P0WERM0DE the Formicid Chaos Knight began the quest for the Orb.
     0 | D:1      | Reached XP level 1. HP: 18/18 MP: 1/1
   122 | D:1      | Reached XP level 2. HP: 22/24 MP: 2/2
   173 | D:1      | XOM: divination: magic mapping
   185 | D:1      | Found a shattered altar of Ashenzari.
   471 | D:1      | Reached XP level 3. HP: 27/29 MP: 3/3
   515 | D:1      | Reached skill level 1 in Shields
   560 | D:1      | XOM: divination: detect creatures
  1001 | D:2      | Found a shimmering altar of Xom.
  1001 | D:2      | Found a glowing silver altar of Zin.
  1001 | D:2      | Noticed an angel
  1002 | D:2      | XOM: confuse monster(s)
  1045 | D:2      | Noticed Robin
  1045 | D:2      | XOM: polymorph goblin -> giant newt
  1049 | D:2      | Reached XP level 4. HP: 33/35 MP: 4/4
  1065 | D:2      | XOM: polymorph bat -> jackal
  1066 | D:2      | Robin changed into Robin the jelly
  1066 | D:2      | XOM: polymorph Robin -> Robin the jelly
  1067 | D:2      | Splashed by Robin the jelly (shapeshifter)'s acid

Vault maps used:
D:1:      kilobyte_arrival_exit_the_forest, ashenzari_altar_1
D:2:      grunt_temple_overflow_order_and_chaos_1, grunt_qazlal_clouds,
          uniq_robin

Action                   |  1- 3 |  4- 6 || total
-------------------------+-------+-------++-------
Melee: Hand axe          |    69 |    18 ||    87
 Stab: Confused          |     1 |       ||     1
